 Dungeon Crawl Stone Soup version 0.31-a0-188-g5e087ee2ca (webtiles) character file.

Game seed: 5619593992035953864

126 qw the Skirmisher (level 4, 0/25 HPs)
             Began as a Deep Elf Hunter on June 23, 2023.
             Succumbed to a gnoll's poison
             ... on level 3 of the Dungeon.
             The game lasted 00:00:45 (1815 turns).

qw the Skirmisher (Deep Elf Hunter)                 Turns: 1815, Time: 00:00:46

Health: 0/25       AC: 10    Str:  7 (10) XL:     4   Next: 83%
Magic:  6/6        EV: 12    Int: 14      God:
Gold:   57         SH:  0    Dex: 18      Spells: 3/3 levels left

rFire   . . .        Y - +0 arbalest
rCold   + . .        (shield currently unavailable)
rNeg    . . .        c - +0 leather armour
rPois   .            b - +0 helmet
rElec   .            f - +2 cloak
rCorr   .            e - +2 pair of gloves
SInv    .            (no boots)
Will    .....        (no amulet)
Stlth   ++           i - ring of protection from cold
HPRegen 0.24/turn    (no ring)
MPRegen 0.10/turn

%: no passive effects
@: lethally poisoned (0 -> -6), about to teleport
A: no striking features
a: no special abilities


You were on level 3 of the Dungeon.
You visited 1 branch of the dungeon, and saw 3 of its levels.

You collected 57 gold pieces.


   Skills:
 - Level 1.5 Fighting
 + Level 8.2 Ranged Weapons
 - Level 2.4 Dodging
 - Level 1.2 Stealth


You had 3 spell levels left.
You didn't know any spells.
Your spell library was empty.

Inventory:

Hand Weapons
 Y - a +0 arbalest (weapon)
Armour
 b - a +0 helmet (worn)
 c - a +0 leather armour (worn)
 d - a +0 ring mail
 e - a +2 pair of gloves (worn)
 f - a +2 cloak (worn)
Jewellery
 i - a ring of protection from cold (left hand)
Scrolls
 g - a scroll of identify
 k - a scroll of revelation {unknown}
Potions
 a - a potion of curing
 h - a potion of magic {unknown}
 j - a potion of heal wounds {unknown}
 l - a potion of brilliance {unknown}
 m - 2 potions of mutation {unknown}

Dungeon Overview and Level Annotations

Branches:
Dungeon (3/15)

Altars:
Dithmenos


Message History

The gnoll is heavily wounded.
You hear a shout!
You shoot a bolt. The bolt hits the gnoll.
The gnoll is severely wounded.
A gnoll comes into view. It is wielding a +0 club.
You shoot a bolt.
The bolt hits the gnoll but does no damage.
The gnoll is severely wounded.
You shoot a bolt. The bolt completely misses the gnoll.
The bolt hits the gnoll but does no damage.
A gnoll comes into view. It is wielding a +1 halberd of venom.
The gnoll hits you from afar with a +0 halberd.
You shoot a bolt. The bolt hits the gnoll!
You kill the gnoll!
You feel your dexterity returning.
You shoot a bolt. The bolt hits the gnoll!
The gnoll is heavily wounded.
The gnoll closely misses you.
You shoot a bolt. The bolt barely misses the gnoll.
The bolt closely misses the gnoll.
The gnoll hits you with a +0 club. x2
You shoot a bolt. The bolt hits the gnoll!!
You kill the gnoll!
An adder comes into view.
The gnoll hits you from afar with a +1 halberd of venom!
You are lethally poisoned!
The gnoll closely misses you.
You shoot a bolt. The adder hisses angrily.
The bolt hits the gnoll.
The gnoll is moderately wounded.
You feel very sick.
The gnoll hits you from afar with a +1 halberd of venom.
1814 ||| READING scroll of teleportation.
As you read the scroll of teleportation, it crumbles to dust.
You feel strangely unstable.
You feel sick. The gnoll barely misses you.
You shoot a bolt. The bolt hits the gnoll!
The gnoll is almost dead.
You die...

##.####.### #.......###
#.# #.......... #.#
#..........#.
##.####.#####..........
......?...# ##########.
.#.####.#.# #.....# ##.
#...###.....# #..
+##########'##.....# #.#
....Sg)@..#........###.#
....###.#####......##..#
. #.# #....####...##
#.###%#..####.####
#..##.#..........#
##.#).#...........
#.#.##..........#
##..))#........<.#
#...#......#######


You could see a gnoll and an adder.

Vanquished Creatures
  5 gnolls (D:3)
  An adder (D:2)
  A worm (D:2)
  4 orcs (D:3)
  2 ball pythons (D:2)
  3 bats
  5 endoplasms
  3 giant cockroaches
  6 goblins
  8 hobgoblins
  3 quokkas
  2 frilled lizards (D:2)
  9 kobolds
  5 rats
57 creatures vanquished.

Notes
Turn   | Place    | Note
-------+----------+-------------------------------------------
     0 | D:1      | qw the Deep Elf Hunter began the quest for the Orb.
     0 | D:1      | Reached XP level 1. HP: 12/12 MP: 3/3
     0 | D:1      | 0 ||| qw: Version: 0.3-a-9-g12657ce
     0 | D:1      | 0 ||| qw: Game counter: 3506
     0 | D:1      | 0 ||| qw: Always use a shield: true
     0 | D:1      | 0 ||| qw: God list: Okawaru
     0 | D:1      | 0 ||| qw: Allow faded altars: false
     0 | D:1      | 0 ||| qw: Do Orc after D:15 true
     0 | D:1      | 0 ||| qw: Do second Lair branch before Depths: true
     0 | D:1      | 0 ||| qw: Lair rune preference: random
     0 | D:1      | 0 ||| qw: Plans: Normal
     0 | D:1      | 0 ||| PLANNING D:1-11
    90 | D:1      | 90 ||| SWAPPING to +0 arbalest.
    95 | D:1      | 95 ||| DROPPING +0 shortbow.
   149 | D:1      | Reached XP level 2. HP: 16/16 MP: 4/4
   151 | D:1      | Reached skill level 6 in Ranged Weapons
   450 | D:1      | Found a shadowy altar of Dithmenos.
   589 | D:1      | 589 ||| UPGRADING to +2 pair of gloves.
   594 | D:1      | 594 ||| UPGRADING to +0 cloak.
   599 | D:1      | 599 ||| DROPPING scarf of harm.
   608 | D:1      | 608 ||| READING scroll labelled PICENO UBRU.
   610 | D:1      | 610 ||| READING scroll labelled LOCHEC BOACZIT.
   620 | D:1      | 620 ||| READING scroll labelled OVAIDGH UBAUKI.
   640 | D:1      | 640 ||| READING 3 scrolls labelled KIRONIECZAG.
   641 | D:1      | 641 ||| READING 2 scrolls of enchant armour.
   641 | D:1      | 641 ||| ENCHANTING +0 cloak.
   642 | D:1      | 642 ||| READING scroll of enchant armour.
   642 | D:1      | 642 ||| ENCHANTING +1 cloak.
   646 | D:1      | 646 ||| DRINKING 2 smoky clear potions.
   650 | D:1      | 650 ||| DROPPING scroll of butterflies.
   767 | D:2      | Reached XP level 3. HP: 20/20 MP: 5/5
  1145 | D:2      | Reached skill level 7 in Ranged Weapons
  1347 | D:2      | 1347 ||| UPGRADING to +0 helmet.
  1352 | D:2      | 1352 ||| UPGRADING to ring of protection from cold.
  1353 | D:2      | 1353 ||| READING 2 scrolls labelled NEV EXZESEC.
  1354 | D:2      | 1354 ||| READING scroll labelled WEROLULOSI.
  1355 | D:2      | 1355 ||| READING scroll labelled LAHOCIR ISMIGE.
  1356 | D:2      | 1356 ||| DRINKING 2 lumpy purple potions.
  1357 | D:2      | 1357 ||| DROPPING potion of degeneration.
  1358 | D:2      | 1358 ||| DROPPING scroll of amnesia.
  1360 | D:2      | 1360 ||| Stepping ~*~*~tactically~*~*~ (cloud).
  1365 | D:2      | HP: 5/20 [poisoned by you (poison gas)]
  1466 | D:3      | 1466 ||| Stepping ~*~*~tactically~*~*~ (outnumbered).
  1475 | D:3      | Reached XP level 4. HP: 25/25 MP: 6/6
  1475 | D:3      | 1475 ||| Stepping ~*~*~tactically~*~*~ (outnumbered).
  1487 | D:3      | HP: 5/25 [orc/+0 war axe (2)]
  1691 | D:3      | Reached skill level 8 in Ranged Weapons
  1813 | D:3      | HP: 6/25 [poisoned by a gnoll]
  1814 | D:3      | 1814 ||| READING scroll of teleportation.
  1814 | D:3      | HP: 2/25 [poisoned by a gnoll]
  1815 | D:3      | Succumbed to a gnoll's poison

Levels and vault maps discovered:
D:1:      dpeg_arrival_lava_altar, layout_basic
D:2:      cheibrodos_helix_gallery, layout_basic
D:3:      layout_rooms, nicolae_tso_carved_into_rock, roderic_st_hans_cross,
          chequers_serial_rivers_micro_e

Skill      XL: |  1  2  3  4 |
---------------+-------------+-----
Ranged Weapons | 6 7 8 |  8.2
Fighting       | |  1.5
Dodging        | |  2.4
Stealth        | |  1.2

Action                     |  1- 3 |  4- 6 || total
---------------------------+-------+-------++-------
   Fire: Arbalest          |    75 |    43 ||   118
         Shortbow          |     9 |       ||     9
    Use: Scroll            |     9 |     1 ||    10
         Potion            |     2 |       ||     2
 Armour: Leather armour    |    17 |     9 ||    26
  Dodge: Dodged            |    29 |    19 ||    48

Table legend:
 A = Non-vault XP
 B = Vault XP
 C = Vault XP percentage of total XP
 D = Non-vault monster count
 E = Vault monster count
 F = Vault count percentage of total count
                 A         B        C        D         E       F
            +---------+---------+-------+---------+---------+-------
      Total |     176 |       4 |   2.2 |      55 |       2 |   3.5
            +---------+---------+-------+---------+---------+-------
        D:1 |      22 |       0 |   0.0 |      13 |       0 |   0.0
        D:2 |      50 |       4 |   7.4 |      22 |       2 |   8.3
        D:3 |     104 |       0 |   0.0 |      20 |       0 |   0.0
            +---------+---------+-------+---------+---------+-------
